Description

In this replay, I show you how to defend a 12 pool and how to end the game.

VOD

https://youtu.be/wwGcDGF1S2g

Replay - IIIIIIIIIIII v Pheo - Lightshade LE

Build Order

Get SALT Encoding   

  12  0:00  Probe  
  13  0:13  Probe  
  14  0:20  Pylon  
  14  0:25  Probe (Chrono Boost)  
  15  0:37  Probe (Chrono Boost)  
  15  0:41  Gateway  
  16  0:46  Probe  
  17  0:50  Assimilator  
  17  0:58  Probe  
  18  1:05  Forge  
  18  1:10  Probe (Chrono Boost)  
  19  1:22  Probe (Chrono Boost)  
  20  1:27  Pylon  
  21  1:33  Probe  
  21  1:40  Photon Cannon  
  21  1:41  Cybernetics Core  
  21  1:45  Probe  
  22  2:05  Nexus  
  23  2:15  Pylon  
  23  2:24  Warp Gate (Chrono Boost)  
  23  2:32  Stalker  
  26  2:42  Robotics Facility  
  28  2:59  Gateway  
  29  3:14  Gateway  
  31  3:20  Stalker  
  31  3:27  Warp Prism (Chrono Boost)  
  34  3:40  Gateway x2  
  34  3:51  Pylon  
  34  4:08  Stalker x3  
  40  4:25  Pylon  
  40  4:31  Zealot x3  
  44  4:33  Gateway  
  46  4:50  Zealot x5  
  56  5:10  Stalker x4  
Spawning Tool Build Advisor. Get it on Overwolf

Go to:

Details

  • Created by: zuka      
  • Published on: Jun 26, 2021
  • Modified on: Jun 26, 2021
  • Patch: 4.11.0
  • Difficulty: Easy
Show
View Real Time Build Order
Export as new Build Order

Comments (1)

On Sept. 4, 2021, 2:08 a.m., seretkin  said:

Why don't you show it in english?..

Create an account to comment!